 Dungeon Crawl Stone Soup version 0.26.1-11-gd32895ea62 (webtiles) character file.

Game seed: 17093603063122696744

6734 raph the Geomancer (level 11, 0/63 HPs)
             Began as a Gargoyle Earth Elementalist on May 20, 2021.
             Was a Follower of Vehumet.
             Slain by a death yak (18 damage)
             ... on level 9 of the Dungeon.
             The game lasted 00:28:34 (17710 turns).

raph the Geomancer (Gargoyle Earth Elementalist)   Turns: 17710, Time: 00:28:34

Health: 0/63       AC: 17    Str: 12    XL:     11   Next: 4%
Magic:  7/17       EV: 13    Int: 19    God:    Vehumet [*.....]
Gold:   335        SH:  0    Dex: 10    Spells: 7/18 levels left

rFire    + . .     SeeInvis .   a - +2 flail (protect)
rCold    + . .     Faith    .   (no shield)
rNeg     + . .     Spirit   .   C - +0 leather armour {rC+}
rPois    ∞         Reflect  .   k - +2 helmet
rElec    +         Harm     .   s - +1 cloak {Will+}
rCorr    +         Rampage  .   (no gloves)
Will     +....                  l - +0 pair of boots
Stlth    +++.......             i - amulet of the acrobat
HPRegen  0.20/turn              m - ring of resist corrosion
MPRegen  0.15/turn              t - ring of protection from fire

@: no status effects
A: negative energy resistance 1, electricity resistance, unbreathing,
petrification resistance, miasma immunity, AC +8
a: Renounce Religion


You were on level 9 of the Dungeon.
You worshipped Vehumet.
Vehumet was aware of your devotion.
You visited 2 branches of the dungeon, and saw 11 of its levels.

You collected 599 gold pieces.
You spent 264 gold pieces at shops.

Inventory:

Hand Weapons
 a - a +2 flail of protection (weapon)
 f - a +0 mace
Missiles
 b - 164 stones
 y - 4 boomerangs of dispersal
Armour
 c - a +0 robe
 k - a +2 helmet (worn)
 l - a +0 pair of boots (worn)
 s - a +1 cloak of willpower (worn)
 C - a +0 leather armour of cold resistance (worn)
Jewellery
 i - an amulet of the acrobat (around neck)
 m - a ring of resist corrosion (left hand)
 r - an uncursed amulet of regeneration
 t - a ring of protection from fire (right hand)
Wands
 n - a wand of random effects (12)
 u - a wand of polymorph (6)
Scrolls
 d - 3 scrolls of magic mapping
 g - 5 scrolls of teleportation
 j - 3 scrolls of fog
 x - a scroll of enchant armour
Potions
 e - 4 potions of berserk rage
 h - 3 potions of ambrosia
 o - 2 potions of haste
 p - 2 potions of attraction
 q - a potion of lignification
 v - a potion of brilliance
 w - 2 potions of mutation
 z - 3 potions of heal wounds
 A - a potion of might {unknown}
 B - 2 potions of resistance


   Skills:
 + Level 5.1 Fighting
 + Level 4.5 Maces & Flails
 + Level 4.3 Dodging
 + Level 6.3 Stealth
 + Level 4.2 Spellcasting
 + Level 5.0 Conjurations
 - Level 0.7 Transmutations
 + Level 13.7 Earth Magic


You had 7 spell levels left.
You knew the following spells:

 Your Spells              Type           Power        Failure   Level
a - Sandblast             Erth           100%         1%          1
b - Passwall              Tmut/Erth      25%          1%          2
c - Stone Arrow           Conj/Erth      78%          1%          3
d - Lee's Rapid Deconstr  Erth           27%          1%          5

Your spell library contained the following spells:

 Spells                   Type           Power        Failure   Level
 Freeze                   Ice            16%          17%         1
 Petrify                  Tmut/Erth      31%          9%          4
 Confusing Touch          Hex            4%           45%         3
 Gell's Gravitas          Tloc           2%           45%         3
 Metabolic Englaciation   Hex/Ice        2%           99%         5
 Yara's Violent Unravell  Hex/Tmut       2%           99%         5


Dungeon Overview and Level Annotations

Branches:
Dungeon (10/15)            Temple (1/1) D:7
   Lair: D:8-11         Orc: D:9-12

Altars:
Ashenzari
Cheibriados
Dithmenos
Fedhas
Gozag
Hepliaklqana
Kikubaaqudgha
Makhleb
Nemelex Xobeh
Okawaru
Qazlal
Ru
Sif Muna
Trog
Uskayaw
Vehumet
Wu Jian
Xom
Yredelemnul
Zin
The Shining One

Shops:
D:5 *

Annotations:
D:6 2 transporters, Lisafication's ghost, amateur TrBe


Innate Abilities, Weirdness & Mutations

You are resistant to torment.
Your stone body is resilient. (AC +8)
You are immune to poison.
You resist negative energy. (rN+)
You are resistant to electric shocks. (rElec)
You can survive without breathing.
You are immune to petrification.
You are immune to miasma.


Message History

The death yak is moderately wounded.
The death yak gores you.
* * * LOW HITPOINT WARNING * * *
Casting: Sandblast (safe; 1% risk of failure)
Confirm with . or Enter, or press ? or * to list all spells.
Aiming: Stone Arrow (safe; 1% risk of failure)
Press: ? - help, Shift-Dir - straight line, f/p - death yak
Aim: a death yak (moderately wounded, 9% to evade)
The stone arrow hits the death yak!
The death yak is heavily wounded.
The death yak gores you but does no damage.
Casting: Stone Arrow (safe; 1% risk of failure)
Confirm with . or Enter, or press ? or * to list all spells.
Aiming: Stone Arrow (safe; 1% risk of failure)
Press: ? - help, Shift-Dir - straight line, f/p - death yak
Aim: a death yak (heavily wounded, 9% to evade)
The stone arrow hits the death yak!
The death yak is severely wounded.
The death yak gores you!!
You die...

#)#.#.#.# ###'###### #.#
.>..#...# #...# #.# #####'###
#.### #.# #..# #.# #.# ####'###
##.####### #.# .......#
###........# #.#
.......#####..........### ###'##
.......##....#..........# #....#
.......'..####..@Y....#.####....'
.......#### #........#....'....#
.......# #........######....#
.......# ##.####### ######
##'##### #.# #..# #.# ##.# #.#
#.# #.### #.# #...#


You could see a death yak.

Vanquished Creatures
  3 two-headed ogres
  A death yak (D:9)
  A troll (D:9)
  A merfolk (D:9)
  A wraith (D:6)
  A wyvern (D:9)
  A soldier ant (D:9)
  2 orc warriors
  An ice beast (D:9)
  An eye of draining (D:9)
  3 black bears
  6 ogres
  4 centaurs
  A bullfrog (D:7)
  A wyvern zombie (D:10)
  6 scorpions
  5 killer bees (D:9)
  2 bullfrog zombies (D:8)
  2 bullfrog skeletons
  4 hounds
  2 orc priests (D:6)
  4 iguanas
  11 orc wizards
  6 worker ants
  Robin (D:3)
  10 gnolls
  9 adders
  2 shadow imps (D:5)
  An ufetubus (D:7)
  An ooze (D:3)
  An adder zombie (D:2)
  6 worms
  2 dart slugs (D:1)
  6 leopard geckos
  24 orcs
  11 bats
  6 giant cockroaches
  14 goblins
  16 hobgoblins
  8 jackals
  12 kobolds
  4 quokkas
  6 frilled lizards
  A quokka zombie (D:5)
  8 rats
219 creatures vanquished.

Notes
Turn   | Place    | Note
-------+----------+-------------------------------------------
     0 | D:1      | raph the Gargoyle Earth Elementalist began the quest for
                  | the Orb.
     0 | D:1      | Reached XP level 1. HP: 10/10 MP: 3/3
   147 | D:1      | Reached XP level 2. HP: 15/15 MP: 3/5
   315 | D:1      | Reached skill level 4 in Earth Magic
   784 | D:1      | Reached XP level 3. HP: 19/19 MP: 3/6
   787 | D:1      | Learned a level 2 spell: Passwall
   791 | D:1      | Learned a level 3 spell: Stone Arrow
  1860 | D:2      | Reached skill level 5 in Earth Magic
  2252 | D:2      | Reached XP level 4. HP: 24/24 MP: 5/7
  3719 | D:3      | Reached skill level 6 in Earth Magic
  3725 | D:3      | Noticed Robin
  3741 | D:3      | Reached XP level 5. HP: 12/28 MP: 6/8
  3748 | D:3      | Killed Robin
  4068 | D:3      | Found a stormy altar of Qazlal.
  5304 | D:3      | Reached skill level 7 in Earth Magic
  6085 | D:4      | Noticed an ogre
  6744 | D:4      | Reached skill level 1 in Conjurations
  6744 | D:4      | Reached XP level 6. HP: 32/32 MP: 2/9
  6977 | D:5      | Entered Level 5 of the Dungeon
  7316 | D:5      | Found Echeh's Assorted Antiques.
  7342 | D:5      | Bought a glowing cloak for 172 gold pieces
  7342 | D:5      | Bought a scroll of identify for 46 gold pieces
  7342 | D:5      | Bought a scroll of identify for 46 gold pieces
  7615 | D:5      | Found a snail-covered altar of Cheibriados.
  7652 | D:5      | Reached XP level 7. HP: 22/36 MP: 3/11
  7913 | D:5      | Reached skill level 8 in Earth Magic
  7978 | D:5      | Found a glowing golden altar of the Shining One.
  8441 | D:5      | Found a hide-covered altar of Uskayaw.
  8448 | D:5      | Learned a level 5 spell: Lee's Rapid Deconstruction
  9019 | D:6      | Noticed a wraith
  9021 | D:6      | Found a transporter.
  9021 | D:6      | Noticed Lisafication's ghost (amateur TrBe)
  9173 | D:6      | Reached skill level 9 in Earth Magic
  9173 | D:6      | Reached XP level 8. HP: 41/41 MP: 1/13
  9629 | D:6      | Reached skill level 10 in Earth Magic
  9944 | D:6      | Found a transporter.
 10006 | D:6      | Noticed a wraith
 10012 | D:6      | Killed a wraith
 10339 | D:6      | Reached skill level 11 in Earth Magic
 11204 | D:7      | Found a staircase to the Ecumenical Temple.
 11326 | Temple   | Entered the Ecumenical Temple
 11467 | Temple   | Became a worshipper of Vehumet
 11545 | D:7      | Found a blossoming altar of Fedhas.
 11713 | D:7      | Found a sacrificial altar of Ru.
 11875 | D:7      | Reached skill level 12 in Earth Magic
 11875 | D:7      | Reached XP level 9. HP: 45/45 MP: 14/14
 12666 | D:8      | Reached skill level 1 in Fighting
 12666 | D:8      | Reached skill level 1 in Maces & Flails
 12882 | D:8      | Noticed a two-headed ogre
 13882 | D:8      | Found a sparkling altar of Nemelex Xobeh.
 14051 | D:8      | Killed a two-headed ogre
 14350 | D:9      | Noticed a two-headed ogre
 14357 | D:9      | Killed a two-headed ogre
 14358 | D:9      | Reached skill level 5 in Stealth
 14358 | D:9      | Reached skill level 13 in Earth Magic
 14358 | D:9      | Reached XP level 10. HP: 50/56 MP: 0/15
 14497 | D:9      | Reached * piety under Vehumet
 14497 | D:9      | Offered knowledge of Freeze by Vehumet.
 15616 | D:9      | Found a shimmering blue altar of Sif Muna.
 15726 | D:9      | Found a hazy altar of Hepliaklqana.
 15807 | D:10     | Entered Level 10 of the Dungeon
 15949 | D:10     | Noticed a two-headed ogre
 16114 | D:10     | Killed a two-headed ogre
 16473 | D:10     | Noticed a death yak
 16473 | D:10     | Noticed a death yak
 16474 | D:10     | Noticed a death yak
 16475 | D:10     | Noticed a death yak
 17433 | D:9      | Killed a death yak
 17434 | D:9      | Reached skill level 5 in Fighting
 17434 | D:9      | Reached skill level 5 in Conjurations
 17434 | D:9      | Reached XP level 11. HP: 32/63 MP: 0/17
 17710 | D:9      | Slain by a death yak

Illustrated notes

Levels and vault maps discovered:
D:1:      dpeg_arrival_stonehenge_8_columns, layout_basic,
          minmay_tree_intersection
D:2:      layout_basic
D:3:      layout_basic, nicolae_qazlal_general_emergency,
          cheibrodos_sewer_entry_bend, uniq_robin
D:4:      layout_layer_cave
D:5:      layout_basic, kennysheep_mini, basic_altar, serial_shops,
          nicolae_shop_stone, tso_metal_star
D:6:      layout_loops_corners, gammafunk_ghost_mausoleum
D:7:      layout_basic, nicolae_ru_awakened_eye, nicolae_overflow_hidden_temple,
          minmay_temple_entry_stoned_glass, fedhas_altar_1
D:8:      layout_loops_cross, general_overflow_altar
D:9:      layout_roguey, nzn_hepliaklqana_mist_gate,
          lemuel_coloured_pillars_altar, hangedman_fish_farm
D:10:     layout_cave_pools, dpeg_lair_monsters, david_orc_4, serial_shops,
          nicolae_shop_trees
Temple:   regret_index_temple_waves

Skill      XL: |  1  2  3  4  5  6  7  8  9 10 |
---------------+-------------------------------+-----
Earth Magic    | 4 5 6 7 9 12 13 | 13.7
Conjurations   | 1 2 4 5 |  5.0
Spellcasting   | 3 4 |  4.2
Dodging        | 3 4 |  4.3
Stealth        | 5 6 |  6.3
Fighting       | 3 5 |  5.1
Maces & Flails | 3 4 |  4.5
Transmutations | |  0.7

Action                   |  1- 3 |  4- 6 |  7- 9 | 10-12 || total
-------------------------+-------+-------+-------+-------++-------
Melee: Unarmed           |     9 |       |       |       ||     9
       Mace              |    67 |   138 |       |       ||   205
       Flail             |       |    43 |   101 |    58 ||   202
 Cast: Sandblast         |    39 |    63 |    41 |    25 ||   168
       Stone Arrow       |       |     9 |    55 |    42 ||   106
       Lee's Rapid Decon |       |       |    19 |     4 ||    23
       Passwall          |       |       |     4 |     1 ||     5
  Use: Scroll            |       |    14 |     8 |       ||    22
 Stab: Sleeping          |     2 |       |     3 |       ||     5
Armor: Robe              |    41 |   106 |    66 |    14 ||   227
       Leather armour    |       |       |       |    43 ||    43
Dodge: Dodged            |   113 |   209 |   102 |   110 ||   534
